MWL (24 & UNDER)
MANHATTEN MEATHEADS @ BEMIDJI BENDERS
07/01/2023
 
TOP OF THE 1ST
Manhatten Meatheads batting - Pitching for Bemidji Benders : RHP Cristián Torres
Pitching: RHP Cristián Torres
Batting: RHB Kyle O'Day 0-0: Ball
1-0: Ball
2-0: Ground out U3 (Groundball, 3)
Batting: RHB Ben Morton 0-0: Ball
1-0: Ball
2-0: Foul Ball, location: 2F
2-1: Ball
3-1: Base on Balls
Batting: LHB Dave Watt 0-0: Called Strike
0-1: Swinging Strike
0-2: Foul Ball, location: 2F
0-2: Foul Ball, location: 2F
0-2: Foul Ball, location: 2F
0-2: Strikes out swinging
Batting: RHB Jason Erickson 0-0: Ball
1-0: Foul Ball, location: 2F
1-1: Foul Ball, location: 2F
1-2: Ball
2-2: Foul Ball, location: 2F
2-2: Foul Ball, location: 2F
2-2: Foul Ball, location: 2F
2-2: Strikes out swinging
Top of the 1st over - 0 run(s), 0 hit(s), 0 error(s), 1 left on base; Manhatten 0 - Bemidji 0
BOTTOM OF THE 1ST
Bemidji Benders batting - Pitching for Manhatten Meatheads : LHP Ben Head
Pitching: LHP Ben Head
Batting: RHB António López 0-0: Called Strike
0-1: Called Strike
0-2: Ball
1-2: Ball
2-2: Strikes out swinging
Batting: RHB Juan Costello 0-0: Ball
1-0: Ball
2-0: Ball
3-0: Foul Ball, location: 2F
3-1: Base on Balls
Batting: SHB Edgardo Osorio 0-0: Called Strike
0-1: Ball
1-1: SINGLE (Line Drive, 56D)
Juan Costello to second
Batting: RHB Alfredo López 0-0: DOUBLE (Line Drive, 7LS)
Juan Costello scores
Edgardo Osorio to third
Runner from 3rd tries for Home, SAFE, no throw or cutoff
Batting: RHB Claudio Souza 0-0: Called Strike
0-1: Foul Ball, location: 2F
0-2: Foul Ball, location: 2F
0-2: Ball
1-2: Foul Ball, location: 2F
1-2: Ball
2-2: SINGLE (Groundball, 6)
Alfredo López to third
Runner from 3rd tries for Home, SAFE, throw made home
Claudio Souza to second
Batting: RHB Roberto Solís 0-0: Ball
Claudio Souza steals 3rd base
1-0: Called Strike
1-1: Ball
2-1: Ground out 3-5 (Groundball, 3S)
Batting: RHB Gabriel Stout 0-0: Foul Ball, location: 2F
0-1: Ground out 4-3 (Groundball, 34)
Bottom of the 1st over - 3 run(s), 3 hit(s), 0 error(s), 1 left on base; Manhatten 0 - Bemidji 3
TOP OF THE 2ND
Manhatten Meatheads batting - Pitching for Bemidji Benders : RHP Cristián Torres
Batting: LHB António Cedeño 0-0: Ball
1-0: Ball
2-0: Ball
3-0: Base on Balls
Batting: LHB Ed Murray 0-0: SINGLE (Line Drive, 8LS)
António Cedeño to second
Batting: SHB Will Evans 0-0: Ground out 4-3 (Groundball, 13)
António Cedeño to third
Ed Murray to second
Batting: RHB Mitch Thomas 0-0: Foul Ball, location: 2F
0-1: Ball
1-1: Called Strike
1-2: Ball
2-2: Ball
3-2: Base on Balls
Batting: RHB Juan Reyes 0-0: Ball
1-0: Ball
2-0: Ball
3-0: Base on Balls
António Cedeño scores
Ed Murray to third
Mitch Thomas to second
Batting: RHB Kyle O'Day 0-0: Swinging Strike
0-1: Ball
1-1: Swinging Strike
1-2: Foul Ball, location: 2F
1-2: SINGLE (Line Drive, 89S)
Ed Murray scores
Mitch Thomas to third
Juan Reyes to second
Runner from 3rd tries for Home, SAFE, no throw or cutoff
Batting: RHB Ben Morton 0-0: Foul Ball, location: 2F
0-1: Ball
1-1: Ball
2-1: Ball
3-1: Called Strike
3-2: Base on Balls
Juan Reyes to third
Kyle O'Day to second
Batting: LHB Dave Watt 0-0: Ball
1-0: Foul Ball, location: 2F
1-1: Fly out, F8 (Line Drive, 8LM)
Runner from 3rd tags up, SCORES, throw made
Batting: RHB Jason Erickson 0-0: Ball
1-0: Swinging Strike
1-1: Foul Ball, location: 2F
1-2: Foul Ball, location: 2F
1-2: Ball
2-2: Fly out, F9 (Flyball, 89S)
Top of the 2nd over - 4 run(s), 2 hit(s), 0 error(s), 2 left on base; Manhatten 4 - Bemidji 3
BOTTOM OF THE 2ND
Bemidji Benders batting - Pitching for Manhatten Meatheads : LHP Ben Head
Batting: SHB José Cruz 0-0: Ball
1-0: Called Strike
1-1: Swinging Strike
1-2: SINGLE (Line Drive, 9S)
Batting: RHB Júlio Sánchez 0-0: Called Strike
José Cruz is caught stealing 2nd base
0-1: Ball
1-1: Swinging Strike
1-2: Ground out 6-3 (Groundball, 6)
Batting: RHB António López 0-0: Fly out, F9 (Line Drive, 9M)
Bottom of the 2nd over - 0 run(s), 1 hit(s), 0 error(s), 0 left on base; Manhatten 4 - Bemidji 3
TOP OF THE 3RD
Manhatten Meatheads batting - Pitching for Bemidji Benders : RHP Cristián Torres
Batting: LHB António Cedeño 0-0: Foul Ball, location: 2F
0-1: DOUBLE (Flyball, 9LD)
Batting: LHB Ed Murray 0-0: Foul Ball, location: 2F
0-1: Ball
1-1: Called Strike
1-2: Foul Ball, location: 2F
1-2: TRIPLE (Flyball, 8RM)
António Cedeño scores
Batting: SHB Will Evans 0-0: Foul Ball, location: 2F
0-1: SINGLE (Line Drive, 89S)
Ed Murray scores
Batting: RHB Mitch Thomas 0-0: Called Strike
0-1: Ball
1-1: Foul Ball, location: 2F
1-2: Ball
2-2: Foul Ball, location: 2F
2-2: Strikes out swinging
Batting: RHB Juan Reyes 0-0: Called Strike
0-1: Called Strike
0-2: Strikes out swinging
Batting: RHB Kyle O'Day 0-0: Ball
Will Evans is caught stealing 2nd base
Top of the 3rd over - 2 run(s), 3 hit(s), 0 error(s), 0 left on base; Manhatten 6 - Bemidji 3
BOTTOM OF THE 3RD
Bemidji Benders batting - Pitching for Manhatten Meatheads : LHP Ben Head
Batting: RHB Juan Costello 0-0: Ball
1-0: Ground out 5-3 (Groundball, 5)
Batting: SHB Edgardo Osorio 0-0: SINGLE (Flyball, 9LS)
Batting: RHB Alfredo López 0-0: Called Strike
Edgardo Osorio steals 2nd base
0-1: Fly out, F8 (Flyball, 8LXD)
Runner from 2nd tags up, SAFE at 3rd, no throw
Batting: RHB Claudio Souza 0-0: SINGLE (Line Drive, 6)
Edgardo Osorio scores
Batting: RHB Roberto Solís 0-0: Ball
1-0: Ball
2-0: Ground out 6-3 (Groundball, 6)
Bottom of the 3rd over - 1 run(s), 2 hit(s), 0 error(s), 1 left on base; Manhatten 6 - Bemidji 4
TOP OF THE 4TH
Manhatten Meatheads batting - Pitching for Bemidji Benders : RHP Cristián Torres
Batting: RHB Kyle O'Day 0-0: Called Strike
0-1: Ball
1-1: Ball
2-1: Ball
3-1: Foul Ball, location: 2F
3-2: Strikes out swinging
Batting: RHB Ben Morton 0-0: Fly out, F9 (Flyball, 9M)
Batting: LHB Dave Watt 0-0: Ball
1-0: Ball
2-0: Fly out, F6 (Line Drive, 6M)
Top of the 4th over - 0 run(s), 0 hit(s), 0 error(s), 0 left on base; Manhatten 6 - Bemidji 4
BOTTOM OF THE 4TH
Bemidji Benders batting - Pitching for Manhatten Meatheads : LHP Ben Head
Batting: RHB Gabriel Stout 0-0: Called Strike
0-1: Called Strike
0-2: Ball
1-2: SINGLE (Line Drive, 9S)
Batting: SHB José Cruz 0-0: Ball
1-0: Called Strike
1-1: Ball
2-1: Ball
3-1: Swinging Strike
3-2: Foul Ball, location: 2F
3-2: Strikes out looking
Batting: RHB Júlio Sánchez 0-0: Ball
1-0: SINGLE (Line Drive, 78S)
Gabriel Stout to second
Batting: RHB António López 0-0: Ball
1-0: Called Strike
1-1: Called Strike
1-2: Ball
2-2: Grounds into double play, 6-4-3 (Groundball, 6)
Bottom of the 4th over - 0 run(s), 2 hit(s), 0 error(s), 1 left on base; Manhatten 6 - Bemidji 4
TOP OF THE 5TH
Manhatten Meatheads batting - Pitching for Bemidji Benders : RHP Cristián Torres
Pitching: LHP Joe Hazelwood
Batting: RHB Jason Erickson 0-0: Ball
1-0: Ball
2-0: Fly out, F7 (Flyball, 7LD)
Batting: LHB António Cedeño 0-0: Foul Ball, location: 2F
0-1: Ball
1-1: Ball
2-1: Foul Ball, location: 2F
2-2: Ground out 4-3 (Groundball, 4M)
Batting: LHB Ed Murray 0-0: Ground out 4-3 (Groundball, 4)
Top of the 5th over - 0 run(s), 0 hit(s), 0 error(s), 0 left on base; Manhatten 6 - Bemidji 4
BOTTOM OF THE 5TH
Bemidji Benders batting - Pitching for Manhatten Meatheads : LHP Ben Head
Batting: RHB Juan Costello 0-0: Bunt for hit - play at first, batter OUT! 5-3
Batting: SHB Edgardo Osorio 0-0: Called Strike
0-1: Ball
1-1: Ball
2-1: Foul Ball, location: 2F
2-2: TRIPLE (Flyball, 9M)
Batting: RHB Alfredo López 0-0: DOUBLE (Line Drive, 8LXD)
Edgardo Osorio scores
Batting: RHB Claudio Souza 0-0: Called Strike
0-1: Called Strike
0-2: Ball
1-2: Ball
2-2: Ball
3-2: Strikes out swinging
Batting: RHB Roberto Solís 0-0: SINGLE (Groundball, 4D)
Alfredo López to third
Runner from 3rd tries for Home, SAFE, no throw or cutoff
Batting: RHB Gabriel Stout 0-0: Ball
1-0: Called Strike
1-1: Swinging Strike
1-2: Foul Ball, location: 2F
1-2: Strikes out swinging
Bottom of the 5th over - 2 run(s), 3 hit(s), 0 error(s), 1 left on base; Manhatten 6 - Bemidji 6
TOP OF THE 6TH
Manhatten Meatheads batting - Pitching for Bemidji Benders : LHP Joe Hazelwood
Batting: SHB Will Evans 0-0: Called Strike
0-1: Ball
1-1: Ball
2-1: Foul Ball, location: 2F
2-2: Foul Ball, location: 2F
2-2: Strikes out swinging
Batting: RHB Mitch Thomas 0-0: Reached on error, E6 (Groundball, 6M)
Batting: RHB Juan Reyes 0-0: Called Strike
0-1: Ball
1-1: Ball
2-1: Ball
3-1: Foul Ball, location: 2F
3-2: Foul Ball, location: 2F
3-2: Strikes out looking
Batting: RHB Kyle O'Day 0-0: Ball
1-0: Swinging Strike
1-1: Foul Ball, location: 2F
1-2: Ball
2-2: Ball
Mitch Thomas is caught stealing 2nd base
Top of the 6th over - 0 run(s), 0 hit(s), 1 error(s), 0 left on base; Manhatten 6 - Bemidji 6
BOTTOM OF THE 6TH
Bemidji Benders batting - Pitching for Manhatten Meatheads : LHP Ben Head
Batting: SHB José Cruz 0-0: Foul Ball, location: 2F
0-1: Called Strike
0-2: Ball
1-2: Strikes out looking
Pitching: RHP Víctor Viña
Batting: RHB Júlio Sánchez 0-0: Fly out, F8 (Flyball, 8LS)
Batting: RHB António López 0-0: Ball
1-0: SINGLE (Flyball, 4D)
Batting: RHB Juan Costello 0-0: Called Strike
0-1: Ball
1-1: Ball
2-1: Foul Ball, location: 2F
2-2: Ball
3-2: Strikes out looking
Bottom of the 6th over - 0 run(s), 1 hit(s), 0 error(s), 1 left on base; Manhatten 6 - Bemidji 6
TOP OF THE 7TH
Manhatten Meatheads batting - Pitching for Bemidji Benders : LHP Joe Hazelwood
Pitching: LHP Esteban García
Batting: RHB Kyle O'Day 0-0: Called Strike
0-1: Foul Ball, location: 2F
0-2: Strikes out swinging
Batting: RHB Ben Morton 0-0: Ground out 6-3 (Groundball, 6M)
Pinch Hitting: RHB William Moore 0-0: Called Strike
0-1: Swinging Strike
0-2: Ball
1-2: Strikes out swinging
Top of the 7th over - 0 run(s), 0 hit(s), 0 error(s), 0 left on base; Manhatten 6 - Bemidji 6
BOTTOM OF THE 7TH
Bemidji Benders batting - Pitching for Manhatten Meatheads : RHP Víctor Viña
Now in CF: William Moore
Batting: SHB Edgardo Osorio 0-0: Ball
1-0: Ball
2-0: Foul Ball, location: 2F
2-1: Ball
3-1: Base on Balls
Batting: RHB Alfredo López 0-0: Swinging Strike
0-1: Foul Ball, location: 2F
0-2: Strikes out swinging
Pinch Hitting: LHB Tony Green 0-0: Ball
Edgardo Osorio steals 2nd base
1-0: Intentional Walk
Batting: RHB Roberto Solís 0-0: Ball
1-0: Swinging Strike
1-1: Foul Ball, location: 2F
1-2: Fly out, F8 (Flyball, 8LM)
Batting: RHB Gabriel Stout 0-0: Called Strike
0-1: Called Strike
0-2: Ball
Wild Pitch!
Edgardo Osorio to third
Tony Green to second
1-2: Ground out 6-3 (Groundball, 6M)
Bottom of the 7th over - 0 run(s), 0 hit(s), 0 error(s), 2 left on base; Manhatten 6 - Bemidji 6
TOP OF THE 8TH
Manhatten Meatheads batting - Pitching for Bemidji Benders : LHP Esteban García
Now at 3B: Tony Green
Batting: RHB Jason Erickson 0-0: Ball
1-0: SINGLE (Groundball, 34S)
Batting: LHB António Cedeño 0-0: Ball
1-0: Swinging Strike
1-1: Called Strike
1-2: Strikes out swinging
Pinch Hitting: RHB Lynn Ford 0-0: Foul Ball, location: 2F
0-1: SINGLE (Line Drive, 7S)
Jason Erickson to second
Pinch Hitting: RHB Iván Moreno 0-0: Ball
1-0: Swinging Strike
1-1: Foul Ball, location: 2F
1-2: Strikes out swinging
Batting: RHB Mitch Thomas 0-0: Called Strike
0-1: Ball
1-1: Foul Ball, location: 2F
1-2: Ball
2-2: Strikes out swinging
Top of the 8th over - 0 run(s), 2 hit(s), 0 error(s), 2 left on base; Manhatten 6 - Bemidji 6
BOTTOM OF THE 8TH
Bemidji Benders batting - Pitching for Manhatten Meatheads : RHP Víctor Viña
Now at 3B: Iván Moreno
Now in LF: Lynn Ford
Batting: SHB José Cruz 0-0: Ball
1-0: Ball
2-0: Ball
3-0: Called Strike
3-1: Ground out 4-3 (Groundball, 34)
Pitching: RHP Matt Johnston
Batting: RHB Júlio Sánchez 0-0: Fly out, F8 (Line Drive, 8RM)
Batting: RHB António López 0-0: Ground out 5-3 (Groundball, 5)
Bottom of the 8th over - 0 run(s), 0 hit(s), 0 error(s), 0 left on base; Manhatten 6 - Bemidji 6
TOP OF THE 9TH
Manhatten Meatheads batting - Pitching for Bemidji Benders : LHP Esteban García
Pitching: LHP António Martínez
Batting: RHB Juan Reyes 0-0: Called Strike
0-1: Foul Ball, location: 2F
0-2: Strikes out swinging
Batting: RHB Kyle O'Day 0-0: Ball
1-0: Foul Ball, location: 2F
1-1: Foul Ball, location: 2F
1-2: Ball
2-2: Ball
3-2: Foul Ball, location: 2F
3-2: Foul Ball, location: 2F
3-2: Foul Ball, location: 2F
3-2: Strikes out swinging
Batting: RHB Ben Morton 0-0: Called Strike
0-1: Foul Ball, location: 2F
0-2: Foul Ball, location: 2F
0-2: Strikes out swinging
Top of the 9th over - 0 run(s), 0 hit(s), 0 error(s), 0 left on base; Manhatten 6 - Bemidji 6
BOTTOM OF THE 9TH
Bemidji Benders batting - Pitching for Manhatten Meatheads : RHP Matt Johnston
Batting: RHB Juan Costello 0-0: Ground out 1-3 (Groundball, 15)
Batting: SHB Edgardo Osorio 0-0: Foul Ball, location: 2F
0-1: Ball
1-1: Ball
2-1: Ball
3-1: Base on Balls
Batting: RHB Alfredo López 0-0: Ball
1-0: Swinging Strike
1-1: DOUBLE (Line Drive, 5L)
Edgardo Osorio to third
Runner from 3rd tries for Home, SAFE, no throw or cutoff
This league is powered by Out of the Park Baseball, the baseball management simulation game for PC, Mac and Linux
Wednesday, December 2nd, 2015 - OOTP Baseball 16.8 Build 38